| TOP OF THE 1ST |
|
Tijuana Toros batting - Pitching for Palm Beach Nationals : LHP Gregg Huddleston
|
|
Pitching: LHP Gregg Huddleston
|
|
|
Batting: LHB Nate Kee
|
0-0: Foul Ball, location: 2F 0-1: Ground out U3 (Groundball, 34S, EV 71.2 MPH)
|
|
Batting: LHB Steve Pond
|
0-0: Ball 1-0: Called Strike 1-1: SINGLE (Flyball, 8LS, EV 90.6 MPH)
|
|
Batting: RHB Chad Rojas
|
0-0: Ball 1-0: Ball 2-0: Swinging Strike 2-1: Fly out, F2 (Popup, 2LF, EV 92.5 MPH)
|
|
Batting: RHB Joe Bower
|
0-0: Ball 1-0: Fly out, F3 (Popup, 3, EV 81.9 MPH)
|
| Top of the 1st over - 0 runs, 1 hit, 0 errors, 1 left on base; Tijuana 0 - Palm Beach 0 |
| BOTTOM OF THE 1ST |
|
Palm Beach Nationals batting - Pitching for Tijuana Toros : LHP Bryan Rouse
|
|
Pitching: LHP Bryan Rouse
|
|
|
Batting: RHB Bobby Bricker
|
0-0: Ball 1-0: Ball 2-0: Ball 3-0: Base on Balls
|
|
Batting: RHB Justin Van Houten
|
0-0: Foul Ball, location: 2F 0-1: Ball 1-1: Ball 2-1: Foul Ball, location: 2F 2-2: Fly out, F9 (Flyball, 9S, EV 88.8 MPH)
|
|
Batting: RHB Nick Moreno
|
0-0: Ball Bobby Bricker steals 2nd base 1-0: Called Strike Bobby Bricker steals 3rd base (no throw) 1-1: Ball 2-1: Fly out, F8 (Flyball, 8LM, EV 90.6 MPH)
|
|
Batting: RHB Chad Madsen
|
0-0: Called Strike 0-1: Ball 1-1: Foul Ball, location: 2F 1-2: Reached on error, E5 (Groundball, 56, EV 85.0 MPH) Bobby Bricker scores
|
|
Batting: RHB Antonio Vallez
|
0-0: Called Strike 0-1: Ball 1-1: Foul Ball, location: 2F 1-2: Ground out U3 (Groundball, 3, EV 90.0 MPH)
|
| Bottom of the 1st over - 1 run, 0 hits, 1 error, 1 left on base; Tijuana 0 - Palm Beach 1 |
| TOP OF THE 2ND |
|
Tijuana Toros batting - Pitching for Palm Beach Nationals : LHP Gregg Huddleston
|
|
Batting: RHB Pat Adams
|
0-0: Ball 1-0: Foul Ball, location: 2F 1-1: Ball 2-1: Foul Ball, location: 2F 2-2: Fly out, F3 (Line Drive, 3, EV 70.6 MPH)
|
|
Batting: RHB David Watkins
|
0-0: Called Strike 0-1: Ball 1-1: Called Strike 1-2: Fly out, F8 (Flyball, 89S, EV 83.8 MPH)
|
|
Batting: RHB Mike Kaczor
|
0-0: Called Strike 0-1: Ball 1-1: Ball 2-1: Foul Ball, location: 2F 2-2: Ball 3-2: Strikes out swinging, 2-3 out at first.
|
| Top of the 2nd over - 0 runs, 0 hits, 0 errors, 0 left on base; Tijuana 0 - Palm Beach 1 |
| BOTTOM OF THE 2ND |
|
Palm Beach Nationals batting - Pitching for Tijuana Toros : LHP Bryan Rouse
|
|
Batting: RHB Scott Merritt
|
0-0: Called Strike 0-1: Fly out, F5 (Line Drive, 5, EV 71.9 MPH)
|
|
Batting: RHB Jelexiz Cuenca
|
0-0: DOUBLE (Flyball, 89XD, EV 113.1 MPH)
|
|
Batting: RHB Jason Ewert
|
0-0: Ball 1-0: SINGLE (Groundball, 34D, EV 96.9 MPH) Jelexiz Cuenca to third Runner from 3rd tries for Home, throw by RF and OUT! 9-2
|
|
Batting: RHB Dave Burwell
|
0-0: Called Strike 0-1: Ball 1-1: Called Strike 1-2: DOUBLE (Flyball, 8LD, EV 110.0 MPH) Jason Ewert to third Runner from 3rd tries for Home, SAFE, throw by CF to trailing runner, SAFE at third!
|
|
Batting: RHB Bobby Bricker
|
0-0: Ball 1-0: Foul Ball, location: 2F 1-1: Foul Ball, location: 2F 1-2: Ball 2-2: Foul Ball, location: 2F 2-2: Foul Ball, location: 2F 2-2: SINGLE (Groundball, 6MD, EV 108.8 MPH) Dave Burwell scores
|
|
Batting: RHB Justin Van Houten
|
0-0: Called Strike 0-1: Called Strike 0-2: Ball 1-2: Ball 2-2: Strikes out swinging
|
| Bottom of the 2nd over - 2 runs, 4 hits, 0 errors, 1 left on base; Tijuana 0 - Palm Beach 3 |
| TOP OF THE 3RD |
|
Tijuana Toros batting - Pitching for Palm Beach Nationals : LHP Gregg Huddleston
|
|
Batting: RHB Ruben Irizarry
|
0-0: Ground out 1-3 (Groundball, 34S, EV 64.4 MPH)
|
|
Batting: SHB Shane Marcum
|
0-0: Called Strike 0-1: Foul Ball, location: 2F 0-2: Ball 1-2: Strikes out swinging
|
|
Batting: LHB Nate Kee
|
0-0: Ball 1-0: Ball 2-0: Called Strike 2-1: Ball 3-1: Foul Ball, location: 2F 3-2: Foul Ball, location: 2F 3-2: SINGLE (Line Drive, 89M, EV 100.6 MPH)
|
|
Batting: LHB Steve Pond
|
0-0: Ball 1-0: Called Strike 1-1: Called Strike 1-2: Ball 2-2: Ball 3-2: Ground out 4-3 (Groundball, 4, EV 106.2 MPH)
|
| Top of the 3rd over - 0 runs, 1 hit, 0 errors, 1 left on base; Tijuana 0 - Palm Beach 3 |
| BOTTOM OF THE 3RD |
|
Palm Beach Nationals batting - Pitching for Tijuana Toros : LHP Bryan Rouse
|
|
Batting: RHB Nick Moreno
|
0-0: Called Strike 0-1: Called Strike 0-2: Strikes out swinging
|
|
Batting: RHB Chad Madsen
|
0-0: Foul Ball, location: 2F 0-1: Ball 1-1: Ball 2-1: DOUBLE (Line Drive, 78D, EV 109.4 MPH)
|
|
Batting: RHB Antonio Vallez
|
0-0: Ball 1-0: Ball 2-0: Ball 3-0: Base on Balls
|
|
Batting: RHB Scott Merritt
|
0-0: Ball 1-0: Ball 2-0: Ball 3-0: Base on Balls Chad Madsen to third Antonio Vallez to second
|
|
Batting: RHB Jelexiz Cuenca
|
0-0: Fly out, F8 (Line Drive, 8RM, EV 98.8 MPH)
|
|
Batting: RHB Jason Ewert
|
0-0: Ball 1-0: Ball 2-0: Called Strike 2-1: Ball 3-1: Swinging Strike 3-2: Strikes out swinging
|
| Bottom of the 3rd over - 0 runs, 1 hit, 0 errors, 3 left on base; Tijuana 0 - Palm Beach 3 |
| TOP OF THE 4TH |
|
Tijuana Toros batting - Pitching for Palm Beach Nationals : LHP Gregg Huddleston
|
|
Batting: RHB Chad Rojas
|
0-0: Ball 1-0: Called Strike 1-1: Ball 2-1: Ball 3-1: Foul Ball, location: 2F 3-2: Fly out, F7 (Flyball, 7LS, EV 85.0 MPH)
|
|
Batting: RHB Joe Bower
|
0-0: Ball 1-0: Called Strike 1-1: Foul Ball, location: 2F 1-2: SINGLE (Groundball, 56S, EV 75.0 MPH) (infield hit)
|
|
Batting: RHB Pat Adams
|
0-0: Called Strike 0-1: Fielders Choice at 2nd, 4-6 (Groundball, 34, EV 90.0 MPH)
|
|
Batting: RHB David Watkins
|
0-0: Called Strike 0-1: DOUBLE (Groundball, 5L, EV 100.6 MPH) Pat Adams to third Runner from 3rd tries for Home, SAFE, no throw by LF
|
|
Batting: RHB Mike Kaczor
|
0-0: Ball 1-0: Called Strike 1-1: Foul Ball, location: 2F 1-2: Ball 2-2: SINGLE (Groundball, 4MD, EV 94.4 MPH) David Watkins to third Runner from 3rd tries for Home, throw by CF and OUT! 8-2
|
| Top of the 4th over - 1 run, 3 hits, 0 errors, 1 left on base; Tijuana 1 - Palm Beach 3 |
| BOTTOM OF THE 4TH |
|
Palm Beach Nationals batting - Pitching for Tijuana Toros : LHP Bryan Rouse
|
|
Batting: RHB Dave Burwell
|
0-0: Called Strike 0-1: Ball 1-1: Ground out 6-3 (Groundball, P, EV 80.0 MPH)
|
|
Batting: RHB Bobby Bricker
|
0-0: Ball 1-0: Ball 2-0: Ball 3-0: Base on Balls
|
|
Batting: RHB Justin Van Houten
|
0-0: Ball 1-0: Called Strike 1-1: Ball 2-1: Ball 3-1: Called Strike 3-2: Fly out, F4 (Popup, 4M, EV 74.4 MPH)
|
|
Batting: RHB Nick Moreno
|
0-0: Fielders Choice at 2nd, 6-4 (Groundball, 6, EV 86.2 MPH)
|
| Bottom of the 4th over - 0 runs, 0 hits, 0 errors, 1 left on base; Tijuana 1 - Palm Beach 3 |
| TOP OF THE 5TH |
|
Tijuana Toros batting - Pitching for Palm Beach Nationals : LHP Gregg Huddleston
|
|
Pitching: RHP Kiyonaga Nakamura
|
|
|
Batting: RHB Ruben Irizarry
|
0-0: Fly out, F2 (Popup, 23F, EV 85.0 MPH)
|
|
Batting: SHB Shane Marcum
|
0-0: Called Strike 0-1: Ground out 1-3 (Groundball, P, EV 73.8 MPH)
|
|
Batting: LHB Nate Kee
|
0-0: Called Strike 0-1: Ball 1-1: Swinging Strike 1-2: Fly out, F8 (Flyball, 8LXD, EV 102.5 MPH)
|
| Top of the 5th over - 0 runs, 0 hits, 0 errors, 0 left on base; Tijuana 1 - Palm Beach 3 |
| BOTTOM OF THE 5TH |
|
Palm Beach Nationals batting - Pitching for Tijuana Toros : LHP Bryan Rouse
|
|
Batting: RHB Chad Madsen
|
0-0: Foul Ball, location: 2F 0-1: Swinging Strike 0-2: Foul Ball, location: 2F 0-2: Ball 1-2: Foul Ball, location: 2F 1-2: Ground out 6-3 (Groundball, 6S, EV 94.4 MPH)
|
|
Batting: RHB Antonio Vallez
|
0-0: Ball 1-0: Ground out U3 (Groundball, 34S, EV 66.9 MPH)
|
|
Batting: RHB Scott Merritt
|
0-0: Called Strike 0-1: Swinging Strike 0-2: Strikes out swinging
|
| Bottom of the 5th over - 0 runs, 0 hits, 0 errors, 0 left on base; Tijuana 1 - Palm Beach 3 |
| TOP OF THE 6TH |
|
Tijuana Toros batting - Pitching for Palm Beach Nationals : RHP Kiyonaga Nakamura
|
|
Batting: LHB Steve Pond
|
0-0: Called Strike 0-1: Ball 1-1: SOLO HOME RUN (Flyball, 89XD, EV 105.6 MPH), Distance : 414 ft
|
|
Batting: RHB Chad Rojas
|
0-0: Fly out, F4 (Popup, 4, EV 78.1 MPH)
|
|
Batting: RHB Joe Bower
|
0-0: Ball 1-0: Foul Ball, location: 2F 1-1: Fly out, F8 (Flyball, 8RD, EV 94.4 MPH)
|
|
Batting: RHB Pat Adams
|
0-0: Fly out, F9 (Flyball, 9, EV 93.8 MPH)
|
| Top of the 6th over - 1 run, 1 hit, 0 errors, 0 left on base; Tijuana 2 - Palm Beach 3 |
| BOTTOM OF THE 6TH |
|
Palm Beach Nationals batting - Pitching for Tijuana Toros : LHP Bryan Rouse
|
|
Batting: RHB Jelexiz Cuenca
|
0-0: Called Strike 0-1: Foul Ball, location: 2F 0-2: Strikes out swinging
|
|
Batting: RHB Jason Ewert
|
0-0: Called Strike 0-1: Ball 1-1: Foul Ball, location: 2F 1-2: Strikes out looking
|
|
Batting: RHB Dave Burwell
|
0-0: Ball 1-0: Ball 2-0: Foul Ball, location: 2F 2-1: Ball 3-1: Fly out, F9 (Flyball, 9LS, EV 95.0 MPH)
|
| Bottom of the 6th over - 0 runs, 0 hits, 0 errors, 0 left on base; Tijuana 2 - Palm Beach 3 |
| TOP OF THE 7TH |
|
Tijuana Toros batting - Pitching for Palm Beach Nationals : RHP Kiyonaga Nakamura
|
|
Batting: RHB David Watkins
|
0-0: Ball 1-0: Foul Ball, location: 2F 1-1: Ball 2-1: Ball 3-1: Fly out, F7 (Flyball, 78S, EV 97.5 MPH)
|
|
Batting: RHB Mike Kaczor
|
0-0: Ball 1-0: Ball 2-0: Ball 3-0: Called Strike 3-1: Base on Balls
|
|
Batting: LHB Mesfin Azagba
|
0-0: Grounds into double play, 6-4-3 (Groundball, 6S, EV 86.2 MPH)
|
| Top of the 7th over - 0 runs, 0 hits, 0 errors, 0 left on base; Tijuana 2 - Palm Beach 3 |
| BOTTOM OF THE 7TH |
|
Palm Beach Nationals batting - Pitching for Tijuana Toros : LHP Bryan Rouse
|
|
Batting: RHB Bobby Bricker
|
0-0: Called Strike 0-1: Ball 1-1: Foul Ball, location: 2F 1-2: Strikes out swinging
|
|
Batting: RHB Justin Van Houten
|
0-0: Ball 1-0: Foul Ball, location: 2F 1-1: Called Strike 1-2: SINGLE (Flyball, 9LS, EV 90.0 MPH)
|
|
Pitching: RHP Jordan Amaker
|
|
|
Batting: RHB Nick Moreno
|
0-0: Ball 1-0: Foul Ball, location: 2F 1-1: Ball 2-1: Foul Ball, location: 2F 2-2: Fielders Choice at 2nd, 5-4 (Groundball, 56S, EV 89.4 MPH)
|
|
Batting: RHB Chad Madsen
|
0-0: Ball 1-0: Foul Ball, location: 2F 1-1: Ball 2-1: Called Strike 2-2: Ball Nick Moreno steals 2nd base 3-2: Base on Balls
|
|
Batting: RHB Antonio Vallez
|
0-0: Swinging Strike 0-1: Ball 1-1: Called Strike 1-2: Foul Ball, location: 2F 1-2: Ball 2-2: Fielders Choice at 2nd, U4 (Groundball, 4M, EV 81.2 MPH)
|
| Bottom of the 7th over - 0 runs, 1 hit, 0 errors, 2 left on base; Tijuana 2 - Palm Beach 3 |
| TOP OF THE 8TH |
|
Tijuana Toros batting - Pitching for Palm Beach Nationals : RHP Kiyonaga Nakamura
|
|
Batting: SHB Shane Marcum
|
0-0: Called Strike 0-1: Fly out, F6 (Popup, 56, EV 58.8 MPH)
|
|
Batting: LHB Nate Kee
|
0-0: Ball 1-0: Foul Ball, location: 2F 1-1: Ball 2-1: Ball 3-1: Base on Balls
|
|
Batting: LHB Steve Pond
|
0-0: Ball 1-0: Swinging Strike 1-1: Called Strike 1-2: SINGLE (Groundball, 6MD, EV 100.6 MPH) Nate Kee to second Runner from 2nd tries for 3rd, SAFE, throw by CF made to third
|
|
Batting: RHB Chad Rojas
|
0-0: Ball 1-0: Fly out, F7 (Flyball, 7LS, EV 74.4 MPH)
|
|
Batting: RHB Joe Bower
|
0-0: Ball 1-0: Ball 2-0: Fly out, F9 (Line Drive, 9, EV 95.0 MPH)
|
| Top of the 8th over - 0 runs, 1 hit, 0 errors, 2 left on base; Tijuana 2 - Palm Beach 3 |
| BOTTOM OF THE 8TH |
|
Palm Beach Nationals batting - Pitching for Tijuana Toros : RHP Jordan Amaker
|
|
Batting: RHB Scott Merritt
|
0-0: Ball 1-0: Ball 2-0: Foul Ball, location: 2F 2-1: Ground out 5-3 (Groundball, 56S, EV 83.1 MPH)
|
|
Batting: RHB Jelexiz Cuenca
|
0-0: Called Strike 0-1: Ball 1-1: Called Strike 1-2: Foul Ball, location: 2F 1-2: Strikes out swinging
|
|
Batting: RHB Jason Ewert
|
0-0: Called Strike 0-1: Called Strike 0-2: Strikes out swinging
|
| Bottom of the 8th over - 0 runs, 0 hits, 0 errors, 0 left on base; Tijuana 2 - Palm Beach 3 |
| TOP OF THE 9TH |
|
Tijuana Toros batting - Pitching for Palm Beach Nationals : RHP Kiyonaga Nakamura
|
|
Now in RF: Lamar Thornton
|
|
|
Batting: RHB Pat Adams
|
0-0: Called Strike 0-1: Ball 1-1: Called Strike 1-2: Ground out 6-3 (Groundball, 56, EV 88.1 MPH)
|
|
Batting: RHB David Watkins
|
0-0: Ball 1-0: Ball 2-0: Called Strike 2-1: Ball 3-1: Foul Ball, location: 2F 3-2: Base on Balls
|
|
Batting: RHB Mike Kaczor
|
0-0: SINGLE (Groundball, 6MD, EV 109.4 MPH) David Watkins to second Runner from 2nd tries for 3rd, SAFE, throw by CF made to third
|
|
Batting: LHB Mesfin Azagba
|
0-0: Foul Ball, location: 2F 0-1: SINGLE (Flyball, 3D, EV 101.2 MPH) David Watkins scores Mike Kaczor to second Runner from 2nd tries for 3rd, SAFE, throw by RF made to third
|
|
Batting: SHB Shane Marcum
|
0-0: Ball 1-0: Ball 2-0: Ball 3-0: Foul Ball, location: 2F 3-1: Foul Ball, location: 2F 3-2: Foul Ball, location: 2F 3-2: Base on Balls Mesfin Azagba to second
|
|
Pitching: RHP Jessie Fisher
|
|
|
Batting: LHB Nate Kee
|
0-0: Called Strike 0-1: Ball 1-1: Ball Wild Pitch! Mike Kaczor scores Mesfin Azagba to third Shane Marcum to second 2-1: SINGLE (Groundball, 34, EV 108.1 MPH) Mesfin Azagba scores Shane Marcum to third Runner from 3rd tries for Home, SAFE, throw by RF to home
|
|
Batting: LHB Steve Pond
|
0-0: Called Strike 0-1: Ball 1-1: Ball 2-1: Grounds into double play, 6-4-3 (Groundball, 6S, EV 87.5 MPH)
|
| Top of the 9th over - 4 runs, 3 hits, 0 errors, 0 left on base; Tijuana 6 - Palm Beach 3 |
| BOTTOM OF THE 9TH |
|
Palm Beach Nationals batting - Pitching for Tijuana Toros : RHP Jordan Amaker
|
|
Pitching: RHP Kevin Fleming
|
|
|
Batting: RHB Lamar Thornton
|
0-0: Called Strike 0-1: Ball 1-1: Fly out, F8 (Flyball, 8LS, EV 90.0 MPH)
|
|
Batting: RHB Bobby Bricker
|
0-0: Ball 1-0: Foul Ball, location: 2F 1-1: Called Strike 1-2: Strikes out swinging
|
|
Batting: RHB Justin Van Houten
|
0-0: Called Strike 0-1: Swinging Strike 0-2: Ball 1-2: Foul Ball, location: 2F 1-2: Ball 2-2: Fly out, F8 (Flyball, 8RD, EV 103.8 MPH)
|
| Bottom of the 9th over - 0 runs, 0 hits, 0 errors, 0 left on base; Tijuana 6 - Palm Beach 3 |
|